 Dungeon Crawl Stone Soup version 0.24-a0-203-gf0bc1e9 (webtiles) character file.

Game seed: 2917196835145930922

13107 Ijustatesigmund the Nimble (level 12, 0/82 (83) HPs)
             Began as an Octopode Fighter on Mar 27, 2019.
             Was a High Priest of Cheibriados.
             Slain by a basilisk (7 damage)
             ... while petrified by a basilisk
             ... on level 1 of the Lair of Beasts.
             The game lasted 00:25:42 (12265 turns).

Ijustatesigmund the Nimble (Octopode Fighter)      Turns: 12265, Time: 00:25:42

HP:   0/82 (83)     AC:  1    Str: 27    XL:     12   Next: 2%
MP:   18/18         EV:  2    Int: 21    God:    Cheibriados [*****.]
Gold: 639           SH:  0    Dex: 27    Spells: 11/11 levels left

rFire    . . .     SeeInvis .   a - +1 war axe (elec)
rCold    . . .     Gourm    .   q - +3 shield
rNeg     + + +     Faith    .   (helmet restricted)
rPois    ∞         Spirit   .   c - amulet of the acrobat
rElec    .         Reflect  .   f - ring of positive energy
rCorr    .         Harm     .   s - ring of positive energy
MR       .....                  (no ring)
Stlth    +++.......             (no ring)
HPRegen  0.23/turn              (no ring)
MPRegen  0.16/turn              (no ring)
                                (no ring)
                                (no ring)

@: petrified, studying Summonings, heavily drained, very slow
A: almost no armour, stealthy swim, amphibious, 8 rings, constrict 8, camouflage
1, gelatinous body 1
a: Bend Time, Temporal Distortion, Slouch, Step From Time, Renounce Religion


You were on level 1 of the Lair of Beasts.
You worshipped Cheibriados.
Cheibriados was extremely pleased with you.
You were not hungry.

You visited 3 branches of the dungeon, and saw 14 of its levels.

You collected 947 gold pieces.
You spent 308 gold pieces at shops.

Inventory:

Hand Weapons
 a - a +1 war axe of electrocution (weapon)
 b - the +3 hand axe "Seit Ene" {elec, *Drain +Inv rElec rC+++ Str+3}
   (You found it on level 10 of the Dungeon)

   Occasionally, upon striking a foe, it will discharge some electrical energy
   and cause terrible harm.
   It affects your strength (+3).
   It renders you almost immune to cold.
   It insulates you from electricity.
   It lets you turn invisible.
   It causes draining when unequipped.
 j - a +2 flail of protection
 m - a +3 whip
Armour
 q - a +3 shield (worn)
Jewellery
 c - an amulet of the acrobat (around mantle)
 f - a ring of positive energy (left tentacle)
 h - an uncursed ring of ice
 s - a ring of positive energy (right tentacle)
Wands
 i - a wand of disintegration (12)
 p - a wand of polymorph (19)
Scrolls
 g - 2 scrolls of magic mapping
 k - 6 scrolls of remove curse
 l - 3 scrolls of amnesia
 o - 2 scrolls of identify
 r - a scroll of blinking
 v - a scroll of fog
 x - a scroll of teleportation
Potions
 n - 2 potions of magic
 t - 2 potions of cancellation
 u - a potion of heal wounds
 w - a potion of brilliance
Books
 e - a manual of Summonings
Comestibles
 d - 14 rations


   Skills:
 + Level 8.2(6.9) Fighting
 + Level 8.8(7.8) Axes
 - Level 3.8(5.5) Maces & Flails
 + Level 9.5(8.1) Dodging
 + Level 9.3(7.9) Shields
 + Level 8.5(7.2) Invocations


You had 11 spell levels left.
You didn't know any spells.
Your spell library contained the following spells:

 Spells                   Type           Power        Failure   Level  Hunger
 Animate Skeleton         Necr           N/A          41%         1    ##.....
 Apportation              Tloc           #.....       41%         1    ##.....
 Confusing Touch          Hex            #.....       41%         1    ##.....
 Summon Small Mammal      Summ           #...         41%         1    ##.....


Dungeon Overview and Level Annotations

Branches:
Dungeon (12/15)            Temple (1/1) D:6            Lair (1/6) D:11
    Orc (0/2) D:10

Altars:
Ashenzari
Cheibriados
Dithmenos
Elyvilon
Fedhas
Gozag
Hepliaklqana
Kikubaaqudgha
Makhleb
Nemelex Xobeh
Okawaru
Ru
Sif Muna
Trog
Vehumet
Wu Jian
Xom
Yredelemnul
Zin
The Shining One

Shops:
D:6 }   D:9 *


Innate Abilities, Weirdness & Mutations

You cannot wear most types of armour.
You are very stealthy in the water. (Stealth+)
You are amphibious.
You can wear up to eight rings at the same time.
You can use your tentacles to constrict eight enemies at once.
Your skin changes colour to match your surroundings (Stealth+).
Your rubbery body absorbs attacks. (AC +1, EV +1)


Message History

* * * LOW HITPOINT WARNING * * *
The bullfrog hits you!
* * * LOW HITPOINT WARNING * * *
The hippogriff bites you but does no damage.
The hippogriff pecks you.
* * * LOW HITPOINT WARNING * * *
The hippogriff claws you.
* * * LOW HITPOINT WARNING * * *
The basilisk gazes at you. You resist with some effort. The bullfrog hits you.
* * * LOW HITPOINT WARNING * * *
The bullfrog hits you but does no damage.
The hippogriff bites you.
* * * LOW HITPOINT WARNING * * *
The hippogriff pecks you.
* * * LOW HITPOINT WARNING * * *
The hippogriff claws you.
* * * LOW HITPOINT WARNING * * *
The basilisk bites you!
You die...

......(......
.........#...
.........#.. ...........#
##+ ...........# #.###
...........# ###...###
+......H...# #.......###
.......F@..# #.#.......#
#.....l..####.+...8...##
..(...PH.####P.#..[..†...
[..............#.##......
......####.#....##.##..8.
...... ####.#..........
...... #............
..... #.#...8..8.>. .....
#............


You could see 2 hippogriffs, a basilisk and a bullfrog.

Vanquished Creatures
  Fannar (D:10)
  2 two-headed ogres
  Sonja (D:11)
  2 ugly things (D:11)
  A deep elf mage (D:12)
  Maurice (D:11)
  Joseph (D:8)
  A kobold demonologist (D:11)
  A komodo dragon (Lair:1)
  A troll (D:10)
  A hippogriff (D:9)
  2 basilisks (D:11)
  A wyvern (D:9)
  3 hungry ghosts
  A soldier ant (D:12)
  3 water moccasins
  8 orc warriors
  4 porcupines
  An ice beast (D:7)
  3 black bears (D:11)
  2 necrophages
  A phantom (D:12)
  A wolf (D:11)
  8 ogres
  2 crocodiles (D:11)
  7 bullfrogs
  A gnoll sergeant (D:10)
  8 scorpions
  5 wights (D:10)
  23 killer bees
  4 crimson imps
  A centaur zombie (D:9)
  4 hounds
  A quasit (D:10)
  A gnoll shaman (D:10)
  8 jellies
  5 orc priests
  A bullfrog skeleton (D:12)
  3 centaur skeletons
  4 iguanas
  7 worker ants
  7 orc wizards
  A killer bee zombie (D:8)
  2 hound zombies
  2 hound skeletons
  A worker ant zombie (D:7)
  14 adders
  17 gnolls
  2 howler monkey skeletons
  4 shadow imps
  2 oozes
  A worm (D:5)
  3 dart slugs
  5 leopard geckos
  27 orcs
  13 bats
  5 giant cockroaches
  6 goblins
  5 hobgoblins
  9 jackals
  5 quokkas
  2 ball pythons
  3 frilled lizards
  9 kobolds
  A leopard gecko skeleton (D:6)
  8 rats
  A bush (D:11)
  2 fungi (D:5)
  A plant (D:11)
294 creatures vanquished.

Vanquished Creatures (others)
  6 fungi
  11 plants (D:11)
17 creatures vanquished.

Grand Total: 311 creatures vanquished

Notes
Turn   | Place    | Note
-------+----------+-------------------------------------------
     0 | D:1      | Ijustatesigmund the Octopode Fighter began the quest for
                  | the Orb.
     0 | D:1      | Reached XP level 1. HP: 16/16 MP: 1/1
    64 | D:1      | Reached XP level 2. HP: 12/21 MP: 2/2
   992 | D:2      | Reached XP level 3. HP: 26/26 MP: 3/3
  1687 | D:2      | Reached XP level 4. HP: 28/31 MP: 4/4
  1954 | D:3      | Reached XP level 5. HP: 30/36 MP: 5/5
  2141 | D:3      | Reached skill level 5 in Axes
  2289 | D:3      | Found a glowing golden altar of the Shining One.
  2812 | D:4      | Reached XP level 6. HP: 42/42 MP: 6/6
  3184 | D:5      | Entered Level 5 of the Dungeon
  3538 | D:5      | Reached XP level 7. HP: 46/46 MP: 7/7
  3686 | D:5      | Found a white marble altar of Elyvilon.
  3686 | D:5      | Found a hazy altar of Hepliaklqana.
  3686 | D:5      | Found a deep blue altar of Sif Muna.
  4116 | D:5      | Found an ancient bone altar of Kikubaaqudgha.
  4619 | D:5      | Reached XP level 8. HP: 48/54 MP: 8/8
  4683 | D:5      | Reached skill level 5 in Dodging
  5000 | D:6      | You fall through a shaft for 2 floors!
  5139 | D:6      | Reached skill level 1 in Maces & Flails
  5148 | D:6      | Reached skill level 5 in Fighting
  5169 | D:6      | Found Fopsir's Gadget Boutique.
  5179 | D:6      | Reached skill level 5 in Shields
  5232 | D:6      | Found a staircase to the Ecumenical Temple.
  5512 | D:6      | Found an ornate altar of the Wu Jian Council.
  5633 | D:6      | Found an ancient bone altar of Kikubaaqudgha.
  5635 | D:6      | Found a bloodstained altar of Trog.
  5635 | D:6      | Found a shimmering altar of Xom.
  5637 | D:6      | Found a glowing silver altar of Zin.
  5637 | D:6      | Found an ornate altar of the Wu Jian Council.
  5637 | D:6      | Found a burning altar of Makhleb.
  5716 | D:6      | Reached XP level 9. HP: 33/61 MP: 9/9
  5809 | Temple   | Entered the Ecumenical Temple
  5874 | Temple   | Became a worshipper of Cheibriados the Contemplative
  5930 | D:7      | Reached skill level 1 in Invocations
  6905 | D:7      | Reached * piety under Cheibriados
  6910 | D:7      | Identified a scroll of acquirement
  7570 | D:8      | Noticed Joseph
  7585 | D:8      | Killed Joseph
  8363 | D:8      | Reached XP level 10. HP: 67/68 MP: 13/13
  8573 | D:9      | Reached skill level 5 in Invocations
  8746 | D:9      | Reached ** piety under Cheibriados
  9334 | D:9      | Found Cobb's General Store.
  9344 | D:9      | Bought a scroll of fog for 28 gold pieces
  9344 | D:9      | Bought a scroll of brand weapon for 280 gold pieces
  9503 | D:10     | Entered Level 10 of the Dungeon
  9863 | D:10     | Found a staircase to the Orcish Mines.
  9900 | D:10     | Noticed Fannar
  9932 | D:10     | Killed Fannar
 10457 | D:10     | Reached *** piety under Cheibriados
 10719 | D:10     | Noticed a two-headed ogre
 10730 | D:10     | Killed a two-headed ogre
 10730 | D:10     | Reached XP level 11. HP: 49/75 MP: 16/16
 11026 | D:10     | Got a crude hand axe
 11027 | D:10     | Identified the cursed +3 hand axe "Seit Ene" {elec, *Drain
                  | +Inv rElec rC+++ Str+3} (You found it on level 10 of the
                  | Dungeon)
 11065 | D:11     | Noticed a green ugly thing
 11072 | D:11     | Killed a green ugly thing
 11312 | D:11     | Found a staircase to the Lair.
 11319 | D:11     | Reached **** piety under Cheibriados
 11374 | D:11     | Noticed a two-headed ogre
 11380 | D:11     | Killed a two-headed ogre
 11468 | D:11     | Noticed Maurice
 11600 | D:11     | Killed Maurice
 11668 | D:11     | Noticed a cyan ugly thing
 11677 | D:11     | Killed a cyan ugly thing
 11703 | D:11     | Reached ***** piety under Cheibriados
 11845 | D:11     | Noticed Sonja
 11852 | D:11     | Killed Sonja
 11993 | D:12     | Noticed a deep elf mage
 12014 | D:12     | Killed a deep elf mage
 12035 | D:12     | Noticed a four-headed hydra
 12168 | Lair:1   | Entered Level 1 of the Lair of Beasts
 12237 | Lair:1   | Reached XP level 12. HP: 60/82 MP: 18/18
 12265 | Lair:1   | Slain by a basilisk

Levels and vault maps discovered:
D:1:      mrwooster_arrival_statue, layout_basic
D:2:      lemuel_upstairs_altar, layout_basic, first_ration, minivault_14,
          serial_park_tiny_1
D:3:      layout_rooms, tso_altar
D:4:      layout_loops_ring
D:5:      old_forge, layout_loops_ring,
          chequers_temple_overflow_statue_of_worship, lemuel_doored_altar
D:6:      layout_loops_ring, marbit_many_paths, doesnt_xom_only_xom,
          minmay_temple_entry_glassed_door, serial_shops, kennysheep_mini_moat,
          minmay_increasing_density
D:7:      layout_cave_pools, grunt_ogre_cave, minmay_fountain_box,
          minmay_manual_monolith
D:8:      layout_cave_pools, uniq_joseph
D:9:      layout_irregular_city, serial_shops, shop, hangedman_glass_teeth,
          minmay_misc_feat_square
D:10:     layout_rooms, orc_0_dummy, minivault_23, uniq_fannar
D:11:     layout_loops_ring, minmay_lair_entry_grove, uniq_sonja, uniq_maurice
D:12:     layout_rooms
Temple:   regret_index_temple_waves
Lair:1:   layout_roguey, grunt_megastairs_3, infiniplex_staircase_pool_2,
          lemuel_fruit_fields

Skill      XL: |  1  2  3  4  5  6  7  8  9 10 11 |
---------------+----------------------------------+-----
Axes           | 3 4 5 6 7 8 |  8.8
Dodging        | 4 5 7 8 9 |  9.5
Fighting       | 4 5 6 7 8 |  8.2
Shields        | 4 5 6 8 9 |  9.3
Maces & Flails | 2 3 |  3.8
Invocations    | 4 7 8 |  8.5

Action                   |  1- 3 |  4- 6 |  7- 9 | 10-12 || total
-------------------------+-------+-------+-------+-------++-------
Melee: War axe           |    61 |   102 |   151 |   203 ||   517
       Constrict         |    16 |    28 |    58 |    60 ||   162
       Tentacles         |    12 |    20 |    64 |    97 ||   193
       Eveningstar       |       |       |   121 |       ||   121
       Hand axe          |       |       |       |   116 ||   116
Evoke: Wand              |       |       |     2 |       ||     2
  Use: Scroll            |     7 |     5 |     8 |    10 ||    30
       Potion            |     1 |     1 |     3 |     4 ||     9
 Stab: Sleeping          |     7 |     8 |    10 |     5 ||    30
       Distracted        |     1 |       |       |     1 ||     2
       Invisible         |       |     4 |       |     4 ||     8
  Eat: Chunk             |     2 |     2 |     6 |     2 ||    12
       Ration            |       |     1 |     3 |     3 ||     7
Armor: Skin              |     5 |     9 |     5 |    27 ||    46
Dodge: Dodged            |    26 |    43 |   113 |   216 ||   398
Block: Shield            |    23 |    30 |   147 |   239 ||   439

Table legend:
 A = Non-vault XP
 B = Vault XP
 C = Vault XP percentage of total XP
 D = Non-vault monster count
 E = Vault monster count
 F = Vault count percentage of total count
                 A         B        C        D         E       F
            +---------+---------+-------+---------+---------+-------
      Total |   13250 |    5475 |  29.2 |     252 |      38 |  13.1
            +---------+---------+-------+---------+---------+-------
        D:1 |      32 |       0 |   0.0 |      17 |       0 |   0.0
        D:2 |      59 |       0 |   0.0 |      21 |       0 |   0.0
        D:3 |     151 |       0 |   0.0 |      29 |       0 |   0.0
        D:4 |     230 |       0 |   0.0 |      11 |       0 |   0.0
        D:5 |     686 |     374 |  35.3 |      21 |      11 |  34.4
        D:6 |     512 |     313 |  37.9 |      19 |       6 |  24.0
        D:7 |     829 |     349 |  29.6 |      16 |       4 |  20.0
        D:8 |     716 |     445 |  38.3 |      16 |       1 |   5.9
        D:9 |    1917 |       0 |   0.0 |      28 |       0 |   0.0
       D:10 |    2950 |     989 |  25.1 |      36 |       1 |   2.7
       D:11 |    3503 |    2860 |  44.9 |      26 |      14 |  35.0
       D:12 |    1139 |       0 |   0.0 |      10 |       0 |   0.0
     Lair:1 |     526 |     145 |  21.6 |       2 |       1 |  33.3
            +---------+---------+-------+---------+---------+-------
